 Dungeon Crawl Stone Soup version 0.20.0-7-g3b7b877 (webtiles) character file.

164 Inarius the Stinger (level 5, -14/38 HPs)
             Began as a Draconian Venom Mage on May 29, 2017.
             Was an Initiate of Vehumet.
             Demolished by an orc
             ... wielding a +2 dagger of electrocution
              (15 damage)
             ... on level 3 of the Dungeon.
             The game lasted 00:11:13 (3175 turns).

Inarius the Stinger (Draconian Venom Mage)          Turns: 3175, Time: 00:11:14

Health: -14/38     AC:  6    Str: 10    XL:     5   Next: 21%
Magic:  1/9        EV: 12    Int: 17    God:    Vehumet [......]
Gold:   199        SH:  0    Dex: 11    Spells: 3/10 levels left

rFire    . . .     SeeInvis .   s - +4 trident
rCold    + . .     Gourm    .   (no shield)
rNeg     . . .     Faith    .   (armour unavailable)
rPois    .         Spirit   .   (helmet restricted)
rElec    .         Reflect  .   (no cloak)
rCorr    .         Harm     .   h - +0 pair of gloves
MR       .....                  (no boots)
Stlth    ++........             (no amulet)
Regen    0.2/turn               n - ring of protection from cold
MPRegen  0.2/turn               (no ring)

@: very slightly contaminated
A: unfitting armour, cold-blooded, AC +5
a: Renounce Religion


You were on level 3 of the Dungeon.
You worshipped Vehumet.
Vehumet was noncommittal.
You were not hungry.

You visited 1 branch of the dungeon, and saw 3 of its levels.

You collected 199 gold pieces.

Inventory:

Hand Weapons
 o - a +1 hunting sling
 s - a +4 trident (weapon)
Missiles
 f - 17 sling bullets
 m - 4 javelins (quivered)
Armour
 h - a +0 pair of gloves (worn)
Jewellery
 n - a ring of protection from cold (left hand)
Scrolls
 d - 3 scrolls of enchant weapon
 e - a scroll of recharging {unknown}
 g - 3 scrolls of remove curse
 p - a scroll of enchant armour {unknown}
 q - 3 scrolls of fear {unknown}
 t - 3 scrolls of amnesia {unknown}
Potions
 i - a potion of invisibility
 k - 2 potions of flight {unknown}
 l - a potion of heal wounds
 r - 2 potions of mutation {unknown}
Books
 a - a Young Poisoner's Handbook

   Spells                             Type                      Level
   a - Sting                          Conjuration/Poison           1
   b - Poisonous Vapours              Poison/Air                   2
   c - Mephitic Cloud                 Conjuration/Poison/Air       3
   d - Olgreb's Toxic Radiance        Poison                       4
   e - Venom Bolt                     Conjuration/Poison           5
Comestibles
 b - 4 bread rations
 c - 2 chunks of flesh
 j - 2 meat rations


   Skills:
 + Level 0.2 Fighting
   Level 0.6 Short Blades
 * Level 2.4 Dodging
 - Level 1.7 Stealth
 + Level 3.0 Spellcasting
 * Level 2.0 Conjurations
 + Level 1.0 Air Magic
 + Level 4.2 Poison Magic


You had 3 spell levels left.
You knew the following spells:

 Your Spells              Type           Power        Failure   Level  Hunger
a - Sting                 Conj/Pois      ##..         4%          1    None
b - Poisonous Vapours     Pois/Air       ##....       9%          2    ##.....
c - Olgreb's Toxic Radia  Pois           ###.....     30%         4    ####...


Dungeon Overview and Level Annotations

Branches:
Dungeon (3/15)

Altars:
Qazlal
Trog
Vehumet
Yredelemnul


Innate Abilities, Weirdness & Mutations

Your plain brown scales are hard. (AC +5)
You cannot fit into any form of body armour.
You are cold-blooded and may be slowed by cold attacks.


Message History

The orc closely misses you.
There is a stone staircase leading up here.
Casting: Olgreb's Toxic Radiance
Confirm with . or Enter, or press ? or * to list all spells.
You miscast Olgreb's Toxic Radiance.
You are very lightly contaminated with residual magic.
You feel slightly ill. The orc barely misses you.
The orc hits you but does no damage.
The orc hits you with a dagger of electrocution.
You are electrocuted!
Casting: Olgreb's Toxic Radiance
Confirm with . or Enter, or press ? or * to list all spells.
You miscast Olgreb's Toxic Radiance.
You feel slightly ill.
The orc hits you but does no damage. x3; You are electrocuted!
* * * LOW HITPOINT WARNING * * *
The orc hits you but does no damage. The orc barely misses you.
The orc hits you with a dagger of electrocution.
* * * LOW HITPOINT WARNING * * *
You are electrocuted!
You die...

.........# .#
##.#####.#.#
#####.# #.# #.#.#
#.....# #.# #.#.#
#.#...# #.#
#.#.#.#.#..######
#.#
#.#.#.#......o...
...
#.#...#.#.####.#
###
#.#.###.#oo..#
#.......#@o..#
#.###.##########
#............
####......#..
##.......#
....<...#
#.###...# #..
...# #.# ...


You could see 3 orcs.

Vanquished Creatures
  A worker ant (D:3)
  A gnoll (D:1)
  3 adders (D:2)
  2 oozes (D:1)
  3 worms (D:2)
  4 dart slugs
  6 leopard geckos
  An orc (D:2)
  A ball python (D:1)
  2 giant cockroaches
  12 goblins
  6 hobgoblins
  10 kobolds
  12 bats
  3 frilled lizards
  11 rats
  A spectral orc (D:3)
79 creatures vanquished.

Notes
Turn   | Place    | Note
-------+----------+-------------------------------------------
     0 | D:1      | Inarius the Draconian Venom Mage began the quest for the Orb.
     0 | D:1      | Reached XP level 1. HP: 14/14 MP: 3/3
    54 | D:1      | Reached XP level 2. HP: 20/20 MP: 3/5
   147 | D:1      | Learned a level 2 spell: Poisonous Vapours
   351 | D:1      | Reached XP level 3. HP: 20/26 MP: 1/6
   461 | D:1      | Reached skill level 4 in Poison Magic
  1165 | D:2      | Reached XP level 4. HP: 33/33 MP: 4/7
  1475 | D:2      | Found a bloodstained altar of Trog.
  2277 | D:2      | Found a radiant altar of Vehumet.
  2281 | D:2      | Became a worshipper of Vehumet
  2778 | D:3      | Learned a level 4 spell: Olgreb's Toxic Radiance
  2789 | D:3      | Found a stormy altar of Qazlal.
  2881 | D:3      | Reached XP level 5. HP: 38/38 MP: 4/9
  2888 | D:3      | Reached skill level 1 in Air Magic
  2996 | D:3      | Found a basalt altar of Yredelemnul.
  3175 | D:3      | HP: 1/38 [orc/dagger of electrocution (2)]
  3175 | D:3      | Demolished by an orc

Skill      XL: |  1  2  3  4  5 |
---------------+----------------+-----
Poison Magic   | 4 |  4.2
Dodging        | 2 |  2.4
Spellcasting   | 3 |  3.0
Conjurations   | 2 |  2.0
Air Magic      | 1 |  1.0
Fighting       | |  0.2
Short Blades   | |  0.6
Stealth        | |  1.7

Action                   |  1- 3 |  4- 6 || total
-------------------------+-------+-------++-------
Melee: Unarmed           |    10 |       ||    10
       Tailslap          |     7 |     1 ||     8
       Short sword       |    21 |    17 ||    38
       Trident           |       |     9 ||     9
 Fire: Hunting sling     |       |     3 ||     3
 Cast: Sting             |    33 |    42 ||    75
       Poisonous Vapours |     6 |    22 ||    28
  Use: Scroll            |       |     6 ||     6
 Stab: Sleeping          |       |     1 ||     1
  Eat: Chunk             |     2 |     8 ||    10
Armor: Skin              |    10 |    24 ||    34
Dodge: Dodged            |    15 |    23 ||    38
